AoeStats
← carcaage

Nomad

509736584Analyzed
4v4 RM · 5d ago on Sep 27, 2026· 75m 43s· 8 players
Game mode
Random Map
Map size
231×231
Population
200
Speed
Normal
Resources
Standard
Victory
Conquest
Starting age
Dark Age
Ending age
Imperial Age
RankedLock teamsTeams togetherTeam positionsShared explorationLock speedFull tech treeHidden civsTurbo modeCheats
Victory
Defeat
🇦🇷 Japanese · Argentina
1135
+18
🇹🇷 Celts · Türkiye
1121
+18
🇺🇸 Dravidians · United States
1106
+19
🇷🇺 Turks · Russia
1106
+19
🇺🇸 Bulgarians · United States
1204
-21
🇫🇮 Koreans · Finland
1191
-19
🇪🇸 Berbers · Spain
1183
-19
🇩🇪 Goths · Germany
1086
-15
Flave Tycoon
16:01 Feudal Age
19:51 Castle Age
24:32 Fletching
25:49 Wheelbarrow
29:58 Padded Archer Armor
32:31 Ballistics
35:34 Bodkin Arrow
37:01 Elite Skirmisher
50:20 Light Cavalry
64:03 Forging
carcaage
15:39 Feudal Age
14:54 Loom
16:05 Double-Bit Axe
19:34 Wheelbarrow
18:42 Fishing Lines
21:53 Castle Age
20:33 Forging
20:24 Scale Mail Armor
21:39 Wheelbarrow
21:00 Stone Mining
22:11 Gold Mining
23:20 Iron Casting
22:58 Bow Saw
22:56 Gillnets
23:32 Fletching
25:05 Gold Shaft Mining
25:08 Hand Cart
25:29 Squires
25:15 Gambesons
25:17 Arson
27:21 Bodkin Arrow
26:53 Pikeman
32:14 Chain Mail Armor
35:15 Imperial Age
36:29 Conscription
37:01 Plate Mail Armor
36:59 Elite Samurai
40:11 Blast Furnace
41:19 Capped Ram
43:50 Two-Man Saw
51:21 Onager
55:59 Horse Collar
58:47 Heavy Plow
62:56 Bracer
70:05 Kataparuto
69:50 Yasama
74:15 Padded Archer Armor
I_fireblade
9:06 Loom
15:48 Feudal Age
17:35 Town Watch
20:02 Castle Age
17:52 Horse Collar
18:28 Stone Mining
19:07 Gold Mining
20:25 Town Watch
20:46 Double-Bit Axe
21:07 Heavy Plow
29:18 Wheelbarrow
30:25 Fletching
33:58 Padded Archer Armor
39:27 Imperial Age
37:24 Bodkin Arrow
37:36 Town Patrol
37:52 Hand Cart
37:50 Bow Saw
38:42 Leather Archer Armor
41:25 Conscription
41:48 Ballistics
42:52 Gold Shaft Mining
43:05 Bracer
44:36 Ring Archer Armor
44:40 Masonry
45:22 Elite Janissary
47:51 Arrowslits
49:27 Artillery
zeyrek
5:01 Loom
14:26 Feudal Age
19:43 Castle Age
17:30 Double-Bit Axe
17:27 Horse Collar
19:24 Gold Mining
21:24 Gold Shaft Mining
22:17 Wheelbarrow
21:58 Bow Saw
21:40 Town Watch
23:45 Hand Cart
24:38 Stone Mining
24:50 Heavy Plow
25:04 Scale Mail Armor
25:15 Forging
24:55 Arson
32:48 Scale Barding Armor
39:18 Imperial Age
38:36 Husbandry
38:57 Chain Barding Armor
39:13 Iron Casting
40:44 Gold Shaft Mining
40:09 Cavalier
46:10 Stone Shaft Mining
46:18 Stone Shaft Mining
47:16 Paladin
49:09 Blast Furnace
48:28 Capped Ram
50:09 Paladin
59:22 Siege Ram
61:10 Heavy Scorpion
63:52 Conscription
67:00 Light Cavalry
70:08 Ballistics
70:48 Chemistry
69:19 Hussar
72:56 Furor Celtica
Gainzbro
7:20 Loom
16:05 Feudal Age
18:00 Scale Mail Armor
18:11 Forging
19:04 Arson
20:36 Horse Collar
27:00 Castle Age
25:41 Double-Bit Axe
27:41 Fletching
Event 201
4:29 Loom
17:32 Feudal Age
19:44 Wheelbarrow
20:44 Double-Bit Axe
20:52 Gold Mining
25:11 Castle Age
24:03 Fishing Lines
24:42 Scale Mail Armor
24:53 Forging
24:36 Fletching
27:32 Hand Cart
27:37 Bow Saw
27:51 Chain Mail Armor
41:26 Town Watch
43:31 Anarchy
45:14 Iron Casting
45:22 Squires
45:50 Bodkin Arrow
53:10 Imperial Age
50:52 Town Patrol
53:14 Pikeman
55:34 Halberdier
60:04 Conscription
61:54 Perfusion
PaidatonPillastuja
4:55 Loom
14:41 Feudal Age
18:42 Castle Age
16:38 Double-Bit Axe
17:03 Horse Collar
25:19 Heavy Plow
29:16 Wheelbarrow
28:32 Town Watch
31:40 Hand Cart
31:16 Fletching
34:01 Imperial Age
31:56 Bodkin Arrow
32:16 Bow Saw
32:28 Ballistics
32:04 Crossbowman
32:50 Gold Mining
32:51 Stone Mining
33:56 Scale Mail Armor
34:07 Forging
35:59 Chemistry
35:00 Bracer
34:30 Arbalester
37:21 Gold Shaft Mining
37:34 Thumb Ring
38:23 Siege Engineers
47:14 Chain Mail Armor
47:35 Iron Casting
49:30 Town Patrol
51:35 Plate Mail Armor
50:26 Pikeman
51:06 Squires
50:52 Arson
50:27 Elite Fire Lancer
54:28 Halberdier
|GaoeG| Ratarax
8:27 Loom
15:10 Feudal Age
19:15 Castle Age
17:34 Double-Bit Axe
19:17 Scale Barding Armor
19:23 Forging
19:06 Fishing Lines
19:45 Bloodlines
20:19 Horse Collar
21:22 Gillnets
22:17 Chain Barding Armor
24:50 Husbandry
26:10 Wheelbarrow
31:31 Fletching
31:41 Padded Archer Armor
34:27 Imperial Age
32:41 Stone Mining
33:10 Hand Cart
34:03 Bodkin Arrow
34:52 Kasbah
36:42 Bow Saw
37:53 Bracer
43:26 Leather Archer Armor
61:32 Plate Barding Armor
61:34 Iron Casting
64:26 Heavy Plow
67:29 Heavy Camel Rider
68:48 Light Cavalry
71:18 Blast Furnace
74:26 Stone Shaft Mining
Connection lost

Rejoining the realm…

Still unreachable

The connection could not be restored.

Session expired

The server has moved on; the page needs a fresh start.